 Dungeon Crawl Stone Soup version 0.27-a0-668-gb5737ff2c0 (webtiles) character file.

Game seed: 14962072470625610915

2303 rageheart7 the Ducker (level 9, -4/69 HPs)
             Began as a Gnoll Gladiator on Mar 18, 2021.
             Was an Initiate of Qazlal.
             Slain by a gnoll
             ... wielding a +0 halberd
              (13 damage)
             ... on level 6 of the Dungeon.
             The game lasted 00:12:08 (10193 turns).

rageheart7 the Ducker (Gnoll Gladiator)            Turns: 10193, Time: 00:12:08

Health: -4/69      AC:  8    Str: 15 (16) XL:     9   Next: 40%
Magic:  15/15      EV: 18    Int:  6 (7)  God:    Qazlal [......]
Gold:   207        SH:  0    Dex: 15      Spells: 16/16 levels left

rFire    . . .     SeeInvis .   e - +4 short sword (speed)
rCold    . . .     Faith    .   (no shield)
rNeg     . . .     Spirit   .   u - +0 ring mail
rPois    .         Reflect  .   c - +0 helmet
rElec    .         Harm     .   (no cloak)
rCorr    .         Rampage  .   n - +0 pair of gloves
Will     .....                  (no boots)
Stlth    ++........             (no amulet)
HPRegen  0.21/turn              p - +4 ring of evasion
MPRegen  0.14/turn              r - +4 ring of slaying

@: mighty
A: fangs 1, strong nose, distributed training
a: Renounce Religion


You were on level 6 of the Dungeon.
You worshipped Qazlal.
Qazlal was noncommittal.
You visited 2 branches of the dungeon, and saw 7 of its levels.
You also visited: Sewer.

You collected 207 gold pieces.

Inventory:

Hand Weapons
 a - a +0 long sword
 b - a +3 flail of protection
 e - a +4 short sword of speed (weapon)
Missiles
 d - 3 throwing nets (quivered)
Armour
 c - a +0 helmet (worn)
 n - a +0 pair of gloves (worn)
 u - a +0 ring mail (worn)
Jewellery
 k - a ring of resist corrosion
 p - a +4 ring of evasion (right hand)
 r - a +4 ring of slaying (left hand)
 v - an amulet of magic regeneration
Wands
 q - a wand of iceblast (7)
Scrolls
 h - 4 scrolls of amnesia
 l - 4 scrolls of teleportation
 m - a scroll of blinking
 o - a scroll of enchant weapon {unknown}
 x - a scroll of identify {unknown}
Potions
 f - 4 potions of attraction
 g - a potion of brilliance
 i - 3 potions of flight
 j - 2 potions of magic


   Skills:
 + Level 6.3 Fighting
 + Level 4.2 Short Blades
 + Level 7.9 Long Blades
 + Level 4.2 Axes
 + Level 4.2 Maces & Flails
 + Level 4.2 Polearms
 + Level 4.2 Staves
 + Level 4.2 Slings
 + Level 4.2 Bows
 + Level 4.2 Crossbows
 + Level 6.3 Throwing
 + Level 4.2 Armour
 + Level 7.9 Dodging
 + Level 4.2 Stealth
 + Level 4.2 Shields
 + Level 4.2 Unarmed Combat
 + Level 4.2 Spellcasting
 + Level 3.4 Conjurations
 + Level 3.4 Hexes
 + Level 3.4 Summonings
 + Level 3.4 Necromancy
 + Level 3.4 Translocations
 + Level 3.4 Transmutations
 + Level 3.4 Fire Magic
 + Level 3.4 Ice Magic
 + Level 3.4 Air Magic
 + Level 3.4 Earth Magic
 + Level 3.4 Poison Magic
 + Level 4.6 Invocations
 + Level 4.2 Evocations


You had 16 spell levels left.
You didn't know any spells.
Your spell library contained the following spells:

 Spells                   Type           Power      Damage    Failure   Level
 Shock                    Conj/Air       20%        1d4       14%         1


Dungeon Overview and Level Annotations

Branches:
Dungeon (6/15)             Temple (1/1) D:6           Sewer (visited)

Altars:
Ashenzari
Cheibriados
Dithmenos
Elyvilon
Fedhas
Gozag
Hepliaklqana
Kikubaaqudgha
Makhleb
Nemelex Xobeh
Okawaru
Qazlal
Ru
Sif Muna
Trog
Uskayaw
Vehumet
Wu Jian
Yredelemnul
Zin
The Shining One

Annotations:
D:4 1 runed translucent door, Crazy Yiuf


Innate Abilities, Weirdness & Mutations

You have very sharp teeth.
Your uncanny sense of smell can sniff out nearby items.
Your experience applies equally to all skills.


Message History

The gnoll shaman is almost dead.
The gnoll hits you from afar with a +0 spear!
The gnoll completely misses you.
You puncture the gnoll shaman!
You kill the gnoll shaman!
Qazlal accepts your kill. The gnoll misses you.
Things that are here:
a +0 halberd; a gnoll corpse You feel very mighty all of a sudden.
The gnoll closely misses you. The gnoll closely misses you. x2
You puncture the gnoll!
You kill the gnoll!
Qazlal accepts your kill. The gnoll misses you.
You puncture the gnoll!
The gnoll is severely wounded.
The gnoll barely misses you. The gnoll hits you with a +0 flail.
You completely miss the gnoll.
The gnoll is severely wounded.
The gnoll hits you from afar with a +0 halberd!
You puncture the gnoll!
You kill the gnoll!
Qazlal accepts your kill.
The gnoll hits you from afar with a +0 halberd!
You puncture the gnoll!
You kill the gnoll!
Qazlal accepts your kill. The gnoll closely misses you.
You barely miss the gnoll. Your punch misses the gnoll. You bite the gnoll.
The gnoll is moderately wounded.
The gnoll closely misses you.
The gnoll hits you from afar with a +0 halberd!
* * * LOW HITPOINT WARNING * * *
You puncture the gnoll!
You kill the gnoll!
Qazlal accepts your kill. The gnoll misses you.
The gnoll hits you with a +0 halberd!
You die...

..................# #.# ###.#
####..####.#####..####.#######.#
#..# #.# #..##.........#.# #..#
#.# #..##...#####.#.# #..#
#.#####.........# #.#.# #..#
#.....#.........# #.#.# #..#
#####.#.#.......# #.#.# #..#
#.....†gg....### #.#.# #..#
#.##.#@###...# #.#†# #..##
#.##.#.# #..## #^#.#
####...####.##.#)# #..# #.#.#
...##.(..........###..######.#.#
##.###.####.##.).)..#..........#
#.# #.# #...........)......###
##.# #.## #..#######.#########
...# #..###..#######.#
.#.###..)##..........#


You could see 2 gnolls.

Vanquished Creatures
  Grinder (D:4)
  Sigmund (D:4)
  2 ice beasts (D:5)
  3 ogres (D:4)
  A centaur (D:5)
  4 kobold brigands (Sewer)
  2 gnoll sergeants
  2 scorpions
  A howler monkey (D:6)
  2 jellies (D:6)
  An orc priest (D:4)
  A centaur skeleton (D:6)
  2 gnoll shamans (D:6)
  3 iguanas
  3 orc wizards
  3 worker ants
  A killer bee zombie (D:6)
  A hound zombie (D:6)
  A hound skeleton (D:6)
  A howler monkey zombie (D:5)
  7 adders
  18 gnolls
  A river rat (Sewer)
  2 shadow imps
  A white imp (D:5)
  3 ufetubi
  4 oozes
  2 adder skeletons (D:5)
  4 worms
  2 dart slugs
  10 leopard geckos
  14 orcs
  3 ball pythons
  5 bats
  4 giant cockroaches
  7 goblins
  11 hobgoblins
  8 jackals (D:6)
  3 quokkas
  4 frilled lizards
  15 kobolds
  A quokka skeleton (D:4)
  A quokka zombie (D:6)
  7 rats
173 creatures vanquished.

Vanquished Creatures (others)
  An orc wizard (D:4)
  A plant (D:6)
2 creatures vanquished.

Grand Total: 175 creatures vanquished

Notes
Turn   | Place    | Note
-------+----------+-------------------------------------------
     0 | D:1      | rageheart7 the Gnoll Gladiator began the quest for the Orb.
     0 | D:1      | Reached XP level 1. HP: 20/20 MP: 1/1
   111 | D:1      | Reached XP level 2. HP: 23/26 MP: 2/2
   457 | D:1      | Reached XP level 3. HP: 24/31 MP: 3/3
   902 | D:2      | Reached skill level 1 in Invocations
  1097 | D:2      | Reached skill level 1 in Short Blades
  1097 | D:2      | Reached skill level 1 in Axes
  1097 | D:2      | Reached skill level 1 in Maces & Flails
  1097 | D:2      | Reached skill level 1 in Polearms
  1097 | D:2      | Reached skill level 1 in Staves
  1097 | D:2      | Reached skill level 1 in Slings
  1097 | D:2      | Reached skill level 1 in Bows
  1097 | D:2      | Reached skill level 1 in Crossbows
  1097 | D:2      | Reached skill level 1 in Armour
  1097 | D:2      | Reached skill level 1 in Stealth
  1097 | D:2      | Reached skill level 1 in Shields
  1097 | D:2      | Reached skill level 1 in Unarmed Combat
  1097 | D:2      | Reached skill level 1 in Spellcasting
  1097 | D:2      | Reached skill level 1 in Evocations
  1247 | D:2      | Found a white marble altar of Elyvilon.
  1272 | D:2      | Reached XP level 4. HP: 38/38 MP: 5/5
  2138 | D:3      | Reached skill level 1 in Conjurations
  2138 | D:3      | Reached skill level 1 in Hexes
  2138 | D:3      | Reached skill level 1 in Summonings
  2138 | D:3      | Reached skill level 1 in Necromancy
  2138 | D:3      | Reached skill level 1 in Translocations
  2138 | D:3      | Reached skill level 1 in Transmutations
  2138 | D:3      | Reached skill level 1 in Fire Magic
  2138 | D:3      | Reached skill level 1 in Ice Magic
  2138 | D:3      | Reached skill level 1 in Air Magic
  2138 | D:3      | Reached skill level 1 in Earth Magic
  2138 | D:3      | Reached skill level 1 in Poison Magic
  2180 | D:3      | Found a glowing drain.
  2190 | Sewer    | Entered a sewer
  2485 | Sewer    | Reached XP level 5. HP: 43/43 MP: 6/6
  2823 | Sewer    | Noticed a kobold brigand
  2841 | Sewer    | Killed a kobold brigand
  2981 | Sewer    | Noticed a kobold brigand
  3005 | Sewer    | Killed a kobold brigand
  3006 | Sewer    | Reached XP level 6. HP: 23/50 MP: 8/8
  3354 | Sewer    | Reached skill level 5 in Fighting
  3354 | Sewer    | Reached skill level 5 in Throwing
  4577 | D:4      | Reached XP level 7. HP: 49/56 MP: 10/10
  4644 | D:4      | Noticed Sigmund
  4663 | D:4      | Killed Sigmund
  5119 | D:4      | Found a shimmering blue altar of Sif Muna.
  5310 | D:4      | Found a runed translucent door.
  5311 | D:4      | Noticed Crazy Yiuf
  5427 | D:4      | Reached XP level 8. HP: 48/63 MP: 12/12
  5906 | D:4      | Noticed Grinder
  5939 | D:4      | Paralysed by Grinder for 2 turns
  5956 | D:4      | Killed Grinder
  6375 | D:5      | Entered Level 5 of the Dungeon
  7187 | D:4      | HP: 2/64 [orc wizard/+0 dagger (7)]
  7189 | D:4      | Identified Sif Muna's Papyrus of Conjuration
  8305 | D:5      | Reached XP level 9. HP: 57/69 MP: 14/14
  9482 | D:6      | Found a staircase to the Ecumenical Temple.
  9499 | Temple   | Entered the Ecumenical Temple
  9655 | Temple   | Became a worshipper of Qazlal Stormbringer
 10193 | D:6      | Slain by a gnoll

Illustrated notes

Levels and vault maps discovered:
D:1:      moated_graveyard_arrival, layout_rooms, serial_glass, glass_columns_a,
          glass_columns_a, dk_noncrumbling_2
D:2:      layout_loops_corners, elyvilon_altar_3
D:3:      layout_basic, portal_sewer_entry_b, minivault_25
D:4:      layout_basic, led_sif_book, uniq_crazy_yiuf_cottage, uniq_sigmund,
          uniq_grinder
D:5:      layout_loops_ring, grunt_ministairs_13
D:6:      lemuel_castle_with_subvaults [lemuel_castle_interior_original],
          layout_loops_ring, minmay_temple_entry_nine_rooms, minmay_pentangle
Temple:   regret_index_temple_chain_breaker

Skill      XL: |  1  2  3  4  5  6  7  8  9 |
---------------+----------------------------+-----
Invocations    | 1 2 3 4 |  4.6
Short Blades   | 1 2 3 4 |  4.2
Axes           | 1 2 3 4 |  4.2
Maces & Flails | 1 2 3 4 |  4.2
Polearms       | 1 2 3 4 |  4.2
Staves         | 1 2 3 4 |  4.2
Slings         | 1 2 3 4 |  4.2
Bows           | 1 2 3 4 |  4.2
Crossbows      | 1 2 3 4 |  4.2
Armour         | 1 2 3 4 |  4.2
Stealth        | 1 2 3 4 |  4.2
Shields        | 1 2 3 4 |  4.2
Unarmed Combat | 1 2 3 4 |  4.2
Spellcasting   | 1 2 3 4 |  4.2
Evocations     | 1 2 3 4 |  4.2
Conjurations   | 1 2 3 |  3.4
Hexes          | 1 2 3 |  3.4
Summonings     | 1 2 3 |  3.4
Necromancy     | 1 2 3 |  3.4
Translocations | 1 2 3 |  3.4
Transmutations | 1 2 3 |  3.4
Fire Magic     | 1 2 3 |  3.4
Ice Magic      | 1 2 3 |  3.4
Air Magic      | 1 2 3 |  3.4
Earth Magic    | 1 2 3 |  3.4
Poison Magic   | 1 2 3 |  3.4
Fighting       | 5 6 |  6.3
Throwing       | 5 6 |  6.3
Long Blades    | 7 |  7.9
Dodging        | 7 |  7.9

Action                   |  1- 3 |  4- 6 |  7- 9 || total
-------------------------+-------+-------+-------++-------
Melee: Long sword        |    74 |   107 |       ||   181
       Bite              |     7 |    15 |    46 ||    68
       Punch             |       |     2 |    10 ||    12
       Short sword       |       |    88 |   423 ||   511
  Use: Scroll            |       |     4 |     5 ||     9
       Potion            |       |     7 |    10 ||    17
 Stab: Sleeping          |       |     3 |    11 ||    14
Armor: Leather armour    |    17 |    26 |    21 ||    64
       Ring mail         |       |       |    12 ||    12
Dodge: Dodged            |    69 |   105 |   222 ||   396
       Rpst.: Long sword |    21 |    22 |       ||    43

Table legend: (Time is in decaauts)
 A = Elapsed time spent in this place.
 B = Non-inter-level travel time spent in this place.
 C = Inter-level travel time spent in this place.
 D = Time resting spent in this place.
 E = Time spent auto-exploring this place.
 F = Levels seen in this place.
 G = Mean time per level.
                   A        B        C        D        E       F      G
               +--------+--------+--------+--------+--------+-----+--------+
         Total |  10115 |   9926 |    189 |   2609 |   5775 |   8 | 1264.4 |
       Dungeon |   8258 |   8099 |    159 |   2284 |   4567 |   6 | 1376.3 |
        Temple |    166 |    136 |     30 |      0 |    134 |   1 |  166.0 |
         Sewer |   1690 |   1690 |      0 |    325 |   1074 |   1 | 1690.0 |
               +--------+--------+--------+--------+--------+-----+--------+

Top non-repeatable levels by time:
     D:4: 2099 daAuts
   Sewer: 1690 daAuts
     D:5: 1525 daAuts
     D:6: 1407 daAuts
     D:3: 1284 daAuts
     D:2: 1137 daAuts
     D:1: 803 daAuts
  Temple: 166 daAuts
